 Dungeon Sprint DCSS version 0.30-a0-847-g17996783a1 (webtiles) character file.

Game seed: 16534801365468387161

2536 Rocko1345 the Cleaver (level 9, -1/85 HPs)
             Began as a Demonspawn Berserker on Mar 4, 2023.
             Was a High Priest of Trog.
             Slain by a culicivora (shapeshifter) (12 damage)
             ... in the Dungeon (Sprint IX: "|||||||||||||||||||||||||||||").
             The game lasted 00:04:04 (466 turns).

Rocko1345 the Cleaver (Demonspawn Berserker)         Turns: 466, Time: 00:04:04

Health: -1/85      AC: 22    Str: 23    XL:     9   Next: 30%
Magic:  0/9        EV: 10    Int:  8    God:    Trog [*****.]
Gold:   0          SH:  0    Dex: 12    Spells: 8/8 levels left

rFire   . . .      SeeInvis .    l - +3 war axe (freeze)
rCold   . . .      Faith    .    (no shield)
rNeg    . . .      Spirit   +    m - +1 chain mail
rPois   .          Reflect  .    (no helmet)
rElec   .          Rampage  .    n - +0 cloak
rCorr   .          NoTele   +    (no gloves)
Will    .....                    (no boots) Stlth
                                 (no amulet)
HPRegen 0.34/turn                o - +2 ring of protection
MPRegen 0.22/turn                p - +2 ring of protection

@: sanguine armoured, on berserk cooldown, slowed, very slow
A: foul stench 1, magic shield, magic regeneration, sanguine armour 1
a: Renounce Religion, Berserk, Trog's Hand, Brothers in Arms


You were in the Dungeon.
You worshipped Trog.
Trog was extremely pleased with you.
You visited 1 branch

Inventory:

Hand Weapons
 a - a +0 hand axe
 l - a +3 war axe of freezing (weapon)
Armour
 b - a +0 animal skin
 c - a +0 ring mail
 m - a +1 chain mail (worn)
 n - a +0 cloak (worn)
Jewellery
 o - a +2 ring of protection (left hand)
 p - a +2 ring of protection (right hand)
Wands
 k - a wand of acid (10)
Scrolls
 h - 2 scrolls of blinking
Potions
 d - a potion of invisibility
 e - a potion of haste
 f - 4 potions of magic
 g - a potion of berserk rage
 i - a potion of heal wounds
 j - 4 potions of curing


   Skills:
 * Level 13.1 Fighting
 * Level 13.9 Axes
 + Level 6.2 Armour
 + Level 5.6 Dodging
 + Level 0.6 Stealth


You had 8 spell levels left.
You didn't know any spells.
Your spell library was empty.

Dungeon Overview and Level Annotations

Branches:
Dungeon (1/1)

Altars:
Cheibriados
Dithmenos
Fedhas
Gozag
Hepliaklqana
Kikubaaqudgha
Makhleb
Nemelex Xobeh
Okawaru
Qazlal
Ru
Sif Muna
Trog
Uskayaw
Vehumet
Wu Jian
Xom
Yredelemnul
Jiyva
Lugonu


Innate Abilities, Weirdness & Mutations

You may rarely emit foul miasma when damaged in melee.
When hurt, damage is shared between your health and your magic reserves.
You regenerate magic rapidly.
When seriously injured, your blood forms armour. (AC +6)


Message History

You closely miss the culicivora. Your punch misses the culicivora.
The culicivora is heavily wounded.
The culicivora closely misses you. The culicivora bites you.
The culicivora draws strength from your injuries!
You slash the culicivora! You freeze the culicivora.
The culicivora is severely wounded.
Your skin stops crawling.
You feel less strong-willed. The culicivora bites you!
* * * LOW HITPOINT WARNING * * *
The culicivora draws strength from your injuries!
You hit the culicivora. You freeze the culicivora.
The culicivora is severely wounded.
The culicivora bites you but does no damage.
The culicivora bites you!
* * * LOW HITPOINT WARNING * * *
The culicivora draws strength from your injuries!
The boulder beetle leaps!
The culicivora attacks as you move away!
The culicivora bites you but does no damage.
The culicivora barely misses you.
The culicivora attacks as you move away!
The culicivora barely misses you.
The culicivora bites you but does no damage. x2
You feel much better.
The culicivora bites you but does no damage. x2
You slash the culicivora! You freeze the culicivora.
The culicivora is severely wounded.
The culicivora bites you!!
* * * LOW HITPOINT WARNING * * *
The culicivora draws strength from your injuries!
The culicivora bites you but does no damage.
You slice the culicivora!! You freeze the culicivora!
The culicivora is almost dead.
The culicivora bites you!
* * * LOW HITPOINT WARNING * * *
The culicivora draws strength from your injuries!
The culicivora closely misses you.
The culicivora attacks as you move away!
The culicivora bites you!
You die... ▓▓▓▓▓▓▓▓▓▓▓▓▓▓▓▓▓▓▓▓▓▓▓▓▓▓ +.....yBs@...)÷....[.)?.'_ ▓▓▓▓▓▓▓▓▓▓▓▓▓▓▓▓▓▓▓▓▓▓▓▓▓▓

You could see a boulder beetle, a culicivora and a vampire mosquito.

Vanquished Creatures
  A centaur warrior (D)
  A two-headed ogre (D)
  A gargoyle (D)
  A troll (D)
  A shadow (D)
  A yak (D)
  A vampire mosquito (D)
  A water moccasin (D)
  2 acid dragons (D)
  A scorpion (D)
  A hound (D)
  2 orcs (D)
  An endoplasm (D)
  A goblin (D)
  A hobgoblin (D)
  A ball python (D)
  A kobold (D)
19 creatures vanquished.

Notes
Turn   | Place    | Note
-------+----------+-------------------------------------------
     0 | D        | Rocko1345 the Demonspawn Berserker began the quest for the
                  | Orb.
     0 | D        | Reached XP level 1. HP: 18/18 MP: 1/1
    10 | D        | Reached ** piety under Trog
    50 | D        | Noticed a hound
    50 | D        | Noticed a water moccasin
    50 | D        | Noticed a scorpion
    57 | D        | Killed a scorpion
    57 | D        | Reached *** piety under Trog
    58 | D        | Reached skill level 5 in Fighting
    58 | D        | Reached skill level 5 in Axes
    58 | D        | Gained mutation: You may rarely emit foul miasma when
                  | damaged in melee. [demonic ancestry]
    58 | D        | Reached XP level 2. HP: 27/27 MP: 2/2
    58 | D        | Gained mutation: You regenerate magic rapidly. [demonic
                  | ancestry]
    58 | D        | Reached XP level 3. HP: 33/33 MP: 3/3
    62 | D        | Reached XP level 4. HP: 33/39 MP: 4/4
    75 | D        | Killed a water moccasin
    76 | D        | Gained mutation: When hurt, damage is shared between your
                  | health and your magic reserves. [demonic ancestry]
    76 | D        | Reached XP level 5. HP: 4/48 MP: 5/5
    77 | D        | HP: 1/48 [poisoned by a water moccasin]
   121 | D        | Found a snail-covered altar of Cheibriados.
   121 | D        | Found a shadowy altar of Dithmenos.
   121 | D        | Found a blossoming altar of Fedhas.
   121 | D        | Found an opulent altar of Gozag.
   122 | D        | Found a hazy altar of Hepliaklqana.
   123 | D        | Found a viscous altar of Jiyva.
   124 | D        | Found an ancient bone altar of Kikubaaqudgha.
   125 | D        | Found a corrupted altar of Lugonu.
   126 | D        | Found a burning altar of Makhleb.
   127 | D        | Found a sparkling altar of Nemelex Xobeh.
   128 | D        | Found an iron altar of Okawaru.
   129 | D        | Found a stormy altar of Qazlal.
   130 | D        | Found a sacrificial altar of Ru.
   131 | D        | Found a shimmering blue altar of Sif Muna.
   132 | D        | Found a bloodstained altar of Trog.
   133 | D        | Found a hide-covered altar of Uskayaw.
   134 | D        | Found a radiant altar of Vehumet.
   135 | D        | Found an ornate altar of the Wu Jian Council.
   136 | D        | Found a shimmering altar of Xom.
   137 | D        | Found a basalt altar of Yredelemnul.
   202 | D        | Noticed a vampire mosquito
   202 | D        | Noticed a shadow
   202 | D        | Noticed a troll
   202 | D        | Noticed a gargoyle
   202 | D        | Noticed a yak
   202 | D        | Noticed an acid dragon
   207 | D        | Killed an acid dragon
   208 | D        | Gained mutation: When seriously injured, your blood forms
                  | armour. (AC +6) [demonic ancestry]
   208 | D        | Reached XP level 6. HP: 57/57 MP: 4/6
   210 | D        | Killed a yak
   210 | D        | Reached **** piety under Trog
   215 | D        | Killed a gargoyle
   216 | D        | Reached skill level 10 in Fighting
   216 | D        | Reached skill level 10 in Axes
   216 | D        | Reached XP level 7. HP: 67/67 MP: 4/7
   222 | D        | Killed a troll
   227 | D        | Killed a shadow
   227 | D        | Reached ***** piety under Trog
   228 | D        | Reached skill level 5 in Dodging
   228 | D        | Reached XP level 8. HP: 40/75 MP: 5/8
   243 | D        | Reached skill level 5 in Armour
   427 | D        | Noticed a boulder beetle
   427 | D        | Noticed a culicivora
   427 | D        | Noticed a two-headed ogre
   427 | D        | Noticed a centaur warrior
   432 | D        | Killed a centaur warrior
   445 | D        | Killed a two-headed ogre
   446 | D        | Reached XP level 9. HP: 80/85 MP: 6/9
   466 | D        | Slain by a culicivora (shapeshifter)

Illustrated notes

Levels and vault maps discovered:
D:        linesprint [early_d, line_temple, items_1, d_10, items_2, lair_1,
          lair_end, items_3, orc_1, orc_end, items_4, d_15, swamp_1, shoals_1,
          snake_1, spider_1, d_20, vaults_1, items_5, swamp_end, shoals_end,
          snake_end, spider_end, vaults_end, d_27, items_6, zot_1, zot_end,
          crypt_end, forest_end, elf_end, slime_end, tomb_end, abyss_end,
          pan_hell_end]

Skill      XL: |  1  2  3  4  5  6  7  8 |
---------------+-------------------------+-----
Axes           | 5 7 8 10 11 13 | 13.9
Armour         | 2 3 4 6 |  6.2
Dodging        | 2 3 4 5 |  5.6
Fighting       | 5 7 8 10 11 13 | 13.1
Stealth        | |  0.6

Action                     |  1- 3 |  4- 6 |  7- 9 || total
---------------------------+-------+-------+-------++-------
  Melee: Hand axe          |    20 |    16 |       ||    36
         Punch             |       |     1 |       ||     1
         War axe           |       |    10 |    57 ||    67
 Invoke: Berserk           |     2 |     1 |     1 ||     4
         Trog's Hand       |       |     1 |     1 ||     2
    Use: Potion            |       |     2 |     1 ||     3
 Armour: Animal skin       |     1 |     4 |       ||     5
         Chain mail        |       |     2 |    37 ||    39
  Dodge: Dodged            |     4 |    13 |    33 ||    50

Table legend: (Time is in decaauts)
 A = Elapsed time spent in this place.
 B = Non-inter-level travel time spent in this place.
 C = Inter-level travel time spent in this place.
 D = Time resting spent in this place.
 E = Time spent auto-exploring this place.
 F = Levels seen in this place.
 G = Mean time per level.
                   A        B        C        D        E       F      G
               +--------+--------+--------+--------+--------+-----+--------+
         Total |    473 |    473 |      0 |    222 |      0 |   1 |  473.0 |
       Dungeon |    473 |    473 |      0 |    222 |      0 |   1 |  473.0 |
               +--------+--------+--------+--------+--------+-----+--------+

Top non-repeatable levels by time:
       D: 473 daAuts
